 Dungeon Crawl Stone Soup version 0.31-a0-692-gf03d1854d5 (webtiles) character file.

Game seed: 1812578171675846274

26 qw the Shooter (level 3, 0/21 HPs)
             Began as a Gargoyle Hunter on Sept 6, 2023.
             Slain by Grinder (2 damage)
             ... on level 3 of the Dungeon.
             The game lasted 00:00:17 (1212 turns).

qw the Shooter (Gargoyle Hunter)                    Turns: 1212, Time: 00:00:18

Health: 0/21       AC:  8    Str: 14    XL:     3   Next: 8%
Magic:  3/3        EV: 10    Int:  9    God:
Gold:   125        SH:  0    Dex: 15    Spells: 2/2 levels left

rFire   . . .        a - +8 shortbow of Destiny {heavy, rElec}
rCold   . . .        (shield currently unavailable)
rNeg    + . .        f - +0 ring mail
rPois   inf          (no helmet)
rElec   +            (no cloak)
rCorr   .            (no gloves)
SInv    .            (no boots)
Will    .....        (no amulet)
Stlth   +            (no ring)
HPRegen 0.23/turn    (no ring)
MPRegen 0.08/turn

%: no passive effects
@: no status effects
A: sickness immunity, AC +3, negative energy resistance 1, electricity
resistance, torment resistance 1, petrification resistance
a: no special abilities


You were on level 3 of the Dungeon.
You visited 1 branch of the dungeon, and saw 3 of its levels.

You collected 125 gold pieces.


Innate Abilities, Weirdness & Mutations

You are immune to sickness and miasma.
Your stone body is resilient. (AC +3)
You are immune to poison.
You resist negative energy. (rN+)
You are resistant to electric shocks. (rElec)
You are resistant to unholy torment.
You are immune to petrification.


   Skills:
 - Level 2.1 Fighting
 + Level 4.8 Ranged Weapons
 - Level 1.0 Armour
 - Level 1.5 Dodging
 - Level 1.1 Stealth


You had 2 spell levels left.
You didn't know any spells.
Your spell library was empty.

Inventory:

Hand Weapons
 a - the +8 shortbow of Destiny (weapon) {heavy, rElec}
   (You acquired it on level 1 of the Dungeon)

   rElec:     It insulates you from electricity.
Armour
 c - a scarf of harm
 f - a +0 ring mail (worn)
Scrolls
 b - 4 scrolls of identify
 d - a scroll of enchant weapon {unknown}
Potions
 i - a potion of berserk rage {unknown}
 j - a potion of might {unknown}

Dungeon Overview and Level Annotations

Branches:
Dungeon (2/15)

Altars:

Annotations:
D:3 Grinder


Message History

The giant cockroach bites you. The giant cockroach barely misses you.
The giant cockroach bites you.
You shoot an arrow. The arrow hits the giant cockroach!!
You kill the giant cockroach!
You start resting.
HP restored.
d - a scroll labelled YTOP ANTOBAYN
Found 3 stones.
You see here 3 stones.
Found a dagger.
Grinder comes into view.
Grinder shouts!
You shoot an arrow. The arrow completely misses Grinder.
Grinder gestures at you.
You suddenly lose the ability to move!
You can move again.
You shoot an arrow. The arrow hits Grinder.
Grinder is lightly wounded.
You shoot an arrow. The arrow hits Grinder.
Grinder is moderately wounded.
Grinder gestures at you. Pain shoots through your body!
Grinder gestures at you. Pain shoots through your body!
You shoot an arrow. The arrow barely misses Grinder.
Grinder hits you.
You writhe in agony.
Grinder hits you but does no damage.
You shoot an arrow. The arrow hits Grinder!
Grinder is heavily wounded.
Grinder hits you.
You writhe in agony.
Grinder barely misses you.
You shoot an arrow. The arrow hits Grinder.
Grinder is heavily wounded.
Grinder hits you but does no damage. Grinder gestures at you.
Pain shoots through your body!
You shoot an arrow. The arrow hits Grinder!
Grinder is almost dead.
Grinder gestures at you. You resist with significant effort. Grinder hits you.
You die...
Grinder says, "Now the real fun starts!"

+.........+.......#.#
#.........####...##.###.#
##.......## ##....(....#
##.....## #####.#####
##...## #####........#
#+## #.)......###.#
#.###.#### #.# #@#
#.5...... #########


You could see Grinder.

Vanquished Creatures
  A worm (D:2)
  A dart slug (D:2)
  5 bats (D:1)
  An endoplasm (D:2)
  A giant cockroach (D:3)
  A goblin (D:1)
  2 hobgoblins
  2 quokkas (D:1)
  3 ball pythons
  2 frilled lizards (D:1)
  A kobold (D:2)
  2 rats (D:1)
22 creatures vanquished.

Notes
Turn   | Place    | Note
-------+----------+-------------------------------------------
     0 | D:1      | qw the Gargoyle Hunter began the quest for the Orb.
     0 | D:1      | Reached XP level 1. HP: 12/12 MP: 1/1
     0 | D:1      | 0 ||| qw: Version: 0.3-a-76-g4403597
     0 | D:1      | 0 ||| qw: Game counter: 97
     0 | D:1      | 0 ||| qw: Melee chars always use a shield: true
     0 | D:1      | 0 ||| qw: God list: Okawaru
     0 | D:1      | 0 ||| qw: Allow faded altars: false
     0 | D:1      | 0 ||| qw: Do Orc after clearing Dungeon:15 true
     0 | D:1      | 0 ||| qw: Do second Lair branch before Depths: true
     0 | D:1      | 0 ||| qw: Lair rune preference: random
     0 | D:1      | 0 ||| qw: Goals: Normal
     0 | D:1      | 0 ||| PLANNING D:1-11
   156 | D:1      | Reached XP level 2. HP: 17/17 MP: 2/2
   590 | D:1      | 590 ||| UPGRADING to +0 ring mail.
   600 | D:1      | 600 ||| DROPPING +0 leather armour.
   601 | D:1      | 601 ||| READING scroll labelled IRPHOE NIUQOMPO.
   602 | D:1      | 602 ||| READING scroll labelled VACEFA QUACK.
   602 | D:1      | Identified a scroll of acquirement
   602 | D:1      | 602 ||| ACQUIRING +8 shortbow of Destiny {heavy, rElec}
   602 | D:1      | Acquired the +8 shortbow of Destiny {heavy, rElec}
   604 | D:1      | 604 ||| SWAPPING to +8 shortbow of Destiny {heavy, rElec}.
   605 | D:1      | 605 ||| DROPPING +0 shortbow.
   606 | D:1      | 606 ||| READING scroll labelled IGIXTE REEHU.
   607 | D:1      | 607 ||| READING scroll labelled ROILUT OROATHRE.
   608 | D:1      | 608 ||| DROPPING scroll of butterflies.
   927 | D:2      | Reached skill level 1 in Armour
  1118 | D:2      | Reached XP level 3. HP: 21/21 MP: 3/3
  1134 | D:2      | You fall into a shaft and drop 1 floor!
  1202 | D:3      | Noticed Grinder
  1203 | D:3      | Paralysed by Grinder for 4 turns
  1210 | D:3      | HP: 5/21 [Grinder (5)]
  1211 | D:3      | HP: 1/21 [Grinder/nerve-wracking pain (3)]
  1212 | D:3      | Slain by Grinder

Levels and vault maps discovered:
D:1:      wheals_arrival_shading, layout_loops_ring
D:2:      layout_loops_corners
D:3:      layout_loops_corners, minmay_starry_boxes, uniq_grinder

Skill      XL: |  1  2 |
---------------+-------+-----
Armour         | 1 |  1.0
Fighting       | |  2.1
Ranged Weapons | |  4.8
Dodging        | |  1.5
Stealth        | |  1.1

Action                     || total
---------------------------++-------
   Fire: Shortbow          ||    45
    Use: Scroll            ||     4
 Armour: Leather armour    ||     3
         Ring mail         ||     7
  Dodge: Dodged            ||     8

Table legend:
 A = Non-vault XP
 B = Vault XP
 C = Vault XP percentage of total XP
 D = Non-vault monster count
 E = Vault monster count
 F = Vault count percentage of total count
                 A         B        C        D         E       F
            +---------+---------+-------+---------+---------+-------
      Total |      38 |       0 |   0.0 |      22 |       0 |   0.0
            +---------+---------+-------+---------+---------+-------
        D:1 |      21 |       0 |   0.0 |      15 |       0 |   0.0
        D:2 |      15 |       0 |   0.0 |       6 |       0 |   0.0
        D:3 |       2 |       0 |   0.0 |       1 |       0 |   0.0
            +---------+---------+-------+---------+---------+-------
